 Dungeon Crawl Stone Soup version 0.25-a0-44-g29a1220a87 (webtiles) character file.

Game seed: 2709824138402368165, levelgen mode: deterministic

190 iamserjio the Insei (level 5, -10/37 HPs)
             Began as an Octopode Chaos Knight on Oct 24, 2019.
             Was a Plaything of Xom.
             Mangled by an ogre (11 damage)
             ... on level 4 of the Dungeon.
             The game lasted 00:03:34 (589 turns).

iamserjio the Insei (Octopode Chaos Knight)          Turns: 589, Time: 00:03:35

Health: -10/37     AC:  1    Str: 11    XL:     5   Next: 69%
Magic:  5/5        EV: 14    Int: 15    God:    Xom [....*.]
Gold:   78         SH:  0    Dex: 12    Spells: 4/4 levels left

rFire    . . .     SeeInvis .     - Unarmed
rCold    . . .     Gourm    .   (no shield)
rNeg     . . .     Faith    .   (helmet restricted)
rPois    .         Spirit   .   (no amulet)
rElec    .         Reflect  .   (no ring)
rCorr    .         Harm     .   (no ring)
MR       .....                  (no ring)
Stlth    +++.......             (no ring)
HPRegen  0.12/turn              (no ring)
MPRegen  0.09/turn              (no ring)
                                (no ring)
                                (no ring)

@: lethally poisoned (-10 -> -12)
A: almost no armour, stealthy swim, amphibious, 8 rings, constrict 8, camouflage
1, gelatinous body 1
a: Renounce Religion


You were on level 4 of the Dungeon.
You worshipped Xom.
You were a beloved toy of Xom.
You were not hungry.

You visited 1 branch of the dungeon, and saw 4 of its levels.

You collected 78 gold pieces.

Inventory:

Hand Weapons
 b - a +2 dagger of distortion
 h - a +0 scythe of freezing
Missiles
 e - 45 arrows
Scrolls
 d - a scroll of magic mapping {unknown}
 f - 3 scrolls of identify {unknown}
 g - a scroll of random uselessness {unknown}
 k - a scroll of fog {unknown}
 l - a scroll of remove curse {unknown}
Potions
 c - a potion of haste {unknown}
 j - a potion of brilliance {unknown}
Comestibles
 a - 2 rations


   Skills:
 + Level 3.8 Fighting
 + Level 3.3 Dodging
 - Level 3.1 Stealth
 * Level 4.5 Unarmed Combat


You had 4 spell levels left.
You didn't know any spells.
Your spell library was empty.

Dungeon Overview and Level Annotations

Branches:
Dungeon (4/15)
 Temple: D:4-7

Altars:
Nemelex Xobeh
Xom


Innate Abilities, Weirdness & Mutations

You cannot wear most types of armour.
You are very stealthy in the water. (Stealth+)
You are amphibious.
You can wear up to eight rings at the same time.
You can use your tentacles to constrict eight enemies at once.
Your skin changes colour to match your surroundings (Stealth+).
Your rubbery body absorbs attacks. (AC +1, EV +1)


Message History

The ogre shouts!
The adder hisses angrily.
The adder closely misses you. The adder bites you.
You closely miss the adder. Your grab misses the adder.
The adder barely misses you.
You tentacle-slap the adder. Your grab misses the adder. The adder bites you.
You are poisoned.
The adder poisons you!
You barely miss the adder. Your grab misses the adder.
You feel sick.
The ogre hits you with a +0 giant spiked club!!
Ouch! That really hurt!
* * * LOW HITPOINT WARNING * * *
The adder bites you.
* * * LOW HITPOINT WARNING * * *
"Time to have some fun!"
The ogre's +0 giant spiked club dances into the air!
* * * LOW HITPOINT WARNING * * *
You feel sick. The adder bites you but does no damage. The ogre hits you!
You die...
Xom guffaws!

#.......#.............
...
###..................
...
#........#.........#
#.⌠
#........##..(...#####
#..
#......#.#............
##....##.#............
####....##...........
###..#.O(.........
#...@S..##...>..
#....##.# ......
#..###### #...## ###
...# ####


You could see an ogre, an adder and a friendly +0 giant spiked club.

Vanquished Creatures
  Sigmund (D:2)
  An adder (D:2)
  A leopard gecko (D:4)
  3 ball pythons (D:1)
  2 giant cockroaches
  4 goblins
  5 hobgoblins
  A quokka (D:4)
  3 bats
  4 frilled lizards
  3 kobolds (D:1)
  3 rats (D:1)
31 creatures vanquished.

Notes
Turn   | Place    | Note
-------+----------+-------------------------------------------
     0 | D:1      | iamserjio the Octopode Chaos Knight began the quest for the
                  | Orb.
     0 | D:1      | Reached XP level 1. HP: 16/16 MP: 1/1
    69 | D:1      | XOM: harmless Ice miscast
    73 | D:1      | Reached XP level 2. HP: 19/21 MP: 2/2
    73 | D:1      | XOM: divination: detect items
    77 | D:1      | Reached skill level 1 in Stealth
   283 | D:2      | XOM: blink monster(s)
   294 | D:2      | Reached XP level 3. HP: 16/26 MP: 3/3
   348 | D:2      | Noticed Sigmund
   361 | D:2      | Killed Sigmund
   361 | D:2      | Reached skill level 4 in Unarmed Combat
   361 | D:2      | Reached XP level 4. HP: 18/33 MP: 4/4
   361 | D:2      | Reached XP level 5. HP: 20/37 MP: 5/5
   381 | D:2      | XOM: noise
   548 | D:4      | XOM: scenery: create altars
   565 | D:4      | XOM: polymorph adder -> bat
   568 | D:4      | Found a sparkling altar of Nemelex Xobeh.
   568 | D:4      | XOM: 1-stop teleportation journey
   579 | D:4      | Noticed an ogre
   587 | D:4      | HP: 1/37 [poisoned by an adder]
   589 | D:4      | Mangled by an ogre

Levels and vault maps discovered:
D:1:      lightli_arrival_maybe_door_vault, layout_rooms
D:2:      layout_basic, gammafunk_temple_overflow_elements, uniq_sigmund
D:3:      layout_basic, chequers_ecumenical_altar_simple, kennysheep_cross_room
D:4:      layout_cave_pools, nemelex_xobeh_ov_fountains_minmay, uniq_duvessa

Skill      XL: |  1  2  3 |
---------------+----------+-----
Stealth        | 1 3 |  3.1
Dodging        | 3 |  3.3
Unarmed Combat | 4 |  4.5
Fighting       | |  3.8

Action                   |  1- 3 |  4- 6 || total
-------------------------+-------+-------++-------
Melee: Unarmed           |    54 |    11 ||    65
       Constrict         |    15 |     3 ||    18
       Tentacles         |    11 |     1 ||    12
       Punch             |     2 |       ||     2
 Stab: Sleeping          |     3 |     1 ||     4
Armor: Skin              |     2 |     1 ||     3
Dodge: Dodged            |    37 |     8 ||    45

Table legend:
 A = Non-vault XP
 B = Vault XP
 C = Vault XP percentage of total XP
 D = Non-vault monster count
 E = Vault monster count
 F = Vault count percentage of total count
                 A         B        C        D         E       F
            +---------+---------+-------+---------+---------+-------
      Total |      60 |     212 |  77.9 |      30 |       1 |   3.2
            +---------+---------+-------+---------+---------+-------
        D:1 |      31 |       0 |   0.0 |      20 |       0 |   0.0
        D:2 |      22 |     212 |  90.6 |       7 |       1 |  12.5
        D:4 |       7 |       0 |   0.0 |       3 |       0 |   0.0
            +---------+---------+-------+---------+---------+-------
